 Seeded DCSS version 0.23.2 (webtiles) character file.

Game seed: 97667173627

214 Kranky the Magician (level 5, 0/37 HPs)
             Began as a Gnoll Wizard on Oct 17, 2019.
             Slain by an iguana (6 damage)
             ... on level 3 of the Dungeon.
             The game lasted 00:09:03 (2581 turns).

Kranky the Magician (Gnoll Wizard)                  Turns: 2581, Time: 00:09:05

Health: 0/37       AC:  7    Str: 10    XL:     5   Next: 91%
Magic:  8/14       EV: 12    Int: 20    God:
Gold:   166        SH:  0    Dex: 14    Spells: 9/18 levels left

rFire    . . .     SeeInvis .   n - +2 short sword (drain)
rCold    . . .     Gourm    .   (no shield)
rNeg     . . .     Faith    .   r - +2 ring mail {rPois}
rPois    +         Spirit   .   b - +0 hat
rElec    .         Reflect  .   (no cloak)
rCorr    .         Harm     .   (no gloves)
MR       .....                  (no boots)
Stlth    ++........             (no amulet)
HPRegen  0.12/turn              (no ring)
MPRegen  0.14/turn              (no ring)

@: very slightly contaminated
A: distributed training, fangs 1, strong nose
a: no special abilities


You were on level 3 of the Dungeon.
You were not hungry.

You visited 1 branch of the dungeon, and saw 4 of its levels.

You collected 166 gold pieces.

Inventory:

Hand Weapons
 h - a +0 dagger
 m - a +0 hunting sling
 n - a +2 short sword of draining (weapon)
Missiles
 g - 46 sling bullets
Armour
 a - a +0 robe
 b - a +0 hat (worn)
 r - a +2 ring mail of poison resistance (worn)
 s - a +2 ring mail of cold resistance
Jewellery
 p - an uncursed ring of protection from fire {unknown}
Wands
 l - a wand of clouds (6)
Scrolls
 c - 4 scrolls of noise {unknown}
 e - 2 scrolls of fear {unknown}
 j - 4 scrolls of enchant weapon {unknown}
 k - 3 scrolls of teleportation {unknown}
 o - a scroll of immolation {unknown}
 q - 4 scrolls of identify {unknown}
 t - a scroll of enchant armour {unknown}
Potions
 f - a potion of haste {unknown}
 i - a potion of heal wounds {unknown}
Comestibles
 d - 3 rations
 u - 4 chunks of flesh


   Skills:
 + Level 1.6 Fighting
 + Level 1.6 Short Blades
 + Level 1.6 Long Blades
 + Level 1.6 Axes
 + Level 1.6 Maces & Flails
 + Level 1.6 Polearms
 + Level 1.6 Staves
 + Level 1.6 Slings
 + Level 1.6 Bows
 + Level 1.6 Crossbows
 + Level 1.6 Throwing
 + Level 1.6 Armour
 + Level 4.8 Dodging
 + Level 4.4 Stealth
 + Level 1.6 Shields
 + Level 1.6 Unarmed Combat
 + Level 7.3 Spellcasting
 + Level 2.4 Conjurations
 + Level 1.3 Hexes
 + Level 1.3 Charms
 + Level 2.4 Summonings
 + Level 1.3 Necromancy
 + Level 2.4 Translocations
 + Level 1.3 Transmutations
 + Level 1.3 Fire Magic
 + Level 1.3 Ice Magic
 + Level 1.3 Air Magic
 + Level 1.3 Earth Magic
 + Level 1.3 Poison Magic
 + Level 1.8 Invocations
 + Level 1.6 Evocations


You had 9 spell levels left.
You knew the following spells:

 Your Spells              Type           Power        Failure   Level  Hunger
a - Magic Dart            Conj           ###.         9%          1    None
b - Mephitic Cloud        Conj/Pois/Air  ##......     34%         3    #......
c - Blink                 Tloc           N/A          13%         2    None
d - Conjure Flame         Conj/Fire      ##......     32%         3    #......

Your spell library contained the following spells:

 Spells                   Type           Power        Failure   Level  Hunger
 Call Imp                 Summ           ###.....     13%         2    None
 Slow                     Hex            ##......     21%         2    None


Dungeon Overview and Level Annotations

Branches:
Dungeon (4/15)
 Temple: D:4-7

Altars:


Innate Abilities, Weirdness & Mutations

Your experience applies equally to all skills.
You have very sharp teeth.
Your uncanny sense of smell can sniff out nearby items.


Message History

The orc wizard is engulfed in noxious fumes.
The orc wizard appears confused.
The jackal is engulfed in noxious fumes.
The jackal appears confused.
The jackal barely misses the orc.
The jackal barely misses itself.
You completely miss the orc wizard.
The orc wizard is lightly wounded.
The orc wizard is engulfed in noxious fumes.
The orc wizard appears confused.
The orc wizard barely misses you. The orc hits you with a +0 dagger.
* * * LOW HITPOINT WARNING * * *
The iguana closely misses you.
You catch the helpless orc wizard completely off-guard!
You puncture the orc wizard!
The orc wizard is heavily wounded.
The jackal is engulfed in noxious fumes.
The jackal appears confused.
The jackal bites you but does no damage.
The iguana bites you.
You die...

#.# #.# #.# #.#.# #.# #.# #.#
#.#.# #.###.### #.#######.#.#
#.......#######........)..###
#####..#..............)......
#.###.....####.####......
###.#..###### #.# ###.##.
#......hlho.###.# #.##.
#.##.#.So@°o....# #.##.
#.##.#..###.##### #.#..
#.##.#..# #.# #.#.. #.##.#..#
#.# #.#.. #.##.#.## #.#
##.#..
#.##.#.####.#########.....
#.##......................
#.###..####.#########.....
#...........# ####..


You could see an iguana, an orc wizard (confused), an adder, 2 orcs and 2
jackals.

Vanquished Creatures
  An ogre (D:3)
  2 adders (D:2)
  2 oozes
  3 worms
  3 dart slugs
  4 leopard geckos
  7 orcs (D:3)
  3 giant cockroaches
  7 hobgoblins
  8 jackals
  9 kobolds
  A quokka (D:2)
  A ball python (D:1)
  4 bats
  10 frilled lizards
  7 goblins
  8 rats
80 creatures vanquished.

Notes
Turn   | Place    | Note
-------+----------+-------------------------------------------
     0 | D:1      | Kranky the Gnoll Wizard began the quest for the Orb.
     0 | D:1      | Reached XP level 1. HP: 13/13 MP: 8/8
   107 | D:1      | Reached XP level 2. HP: 16/19 MP: 8/10
   373 | D:1      | Reached XP level 3. HP: 25/25 MP: 4/11
   835 | D:2      | Reached skill level 1 in Invocations
   966 | D:2      | Reached skill level 1 in Fighting
   966 | D:2      | Reached skill level 1 in Short Blades
   966 | D:2      | Reached skill level 1 in Long Blades
   966 | D:2      | Reached skill level 1 in Axes
   966 | D:2      | Reached skill level 1 in Maces & Flails
   966 | D:2      | Reached skill level 1 in Polearms
   966 | D:2      | Reached skill level 1 in Staves
   966 | D:2      | Reached skill level 1 in Slings
   966 | D:2      | Reached skill level 1 in Bows
   966 | D:2      | Reached skill level 1 in Crossbows
   966 | D:2      | Reached skill level 1 in Throwing
   966 | D:2      | Reached skill level 1 in Armour
   966 | D:2      | Reached skill level 1 in Shields
   966 | D:2      | Reached skill level 1 in Unarmed Combat
   966 | D:2      | Reached skill level 1 in Evocations
  1058 | D:2      | Reached XP level 4. HP: 32/32 MP: 5/13
  1750 | D:3      | Reached skill level 1 in Hexes
  1750 | D:3      | Reached skill level 1 in Charms
  1750 | D:3      | Reached skill level 1 in Necromancy
  1750 | D:3      | Reached skill level 1 in Transmutations
  1750 | D:3      | Reached skill level 1 in Fire Magic
  1750 | D:3      | Reached skill level 1 in Ice Magic
  1750 | D:3      | Reached skill level 1 in Air Magic
  1750 | D:3      | Reached skill level 1 in Earth Magic
  1750 | D:3      | Reached skill level 1 in Poison Magic
  1946 | D:3      | Noticed an ogre
  1956 | D:3      | Killed an ogre
  1956 | D:3      | Reached XP level 5. HP: 19/37 MP: 8/14
  1964 | D:3      | Learned a level 3 spell: Mephitic Cloud
  1967 | D:3      | Learned a level 2 spell: Blink
  1971 | D:3      | Learned a level 3 spell: Conjure Flame
  2581 | D:3      | Slain by an iguana

Skill      XL: |  1  2  3  4 |
---------------+-------------+-----
Conjurations   | 2 |  2.4
Summonings     | 2 |  2.4
Translocations | 2 |  2.4
Invocations    | 1 |  1.8
Fighting       | 1 |  1.6
Short Blades   | 1 |  1.6
Long Blades    | 1 |  1.6
Axes           | 1 |  1.6
Maces & Flails | 1 |  1.6
Polearms       | 1 |  1.6
Staves         | 1 |  1.6
Slings         | 1 |  1.6
Bows           | 1 |  1.6
Crossbows      | 1 |  1.6
Throwing       | 1 |  1.6
Armour         | 1 |  1.6
Shields        | 1 |  1.6
Unarmed Combat | 1 |  1.6
Evocations     | 1 |  1.6
Hexes          | 1 |  1.3
Charms         | 1 |  1.3
Necromancy     | 1 |  1.3
Transmutations | 1 |  1.3
Fire Magic     | 1 |  1.3
Ice Magic      | 1 |  1.3
Air Magic      | 1 |  1.3
Earth Magic    | 1 |  1.3
Poison Magic   | 1 |  1.3
Dodging        | |  4.8
Stealth        | |  4.4
Spellcasting   | |  7.3

Action                   |  1- 3 |  4- 6 || total
-------------------------+-------+-------++-------
Melee: Unarmed           |     2 |       ||     2
       Dagger            |     3 |       ||     3
       Short sword       |    15 |    30 ||    45
       Bite              |     2 |     1 ||     3
 Cast: Magic Dart        |    73 |    69 ||   142
       Mephitic Cloud    |       |     1 ||     1
 Stab: Sleeping          |     5 |     2 ||     7
       Confused          |       |     1 ||     1
  Eat: Chunk             |       |     5 ||     5
Armor: Robe              |     1 |       ||     1
       Ring mail         |       |    14 ||    14
Dodge: Dodged            |    13 |    31 ||    44
